AoeStats
← C-bag

Arena

512808564Analyzed
1v1 RM · 7d ago on Oct 11, 2026· 32m 43s· 2 players
Game mode
Random Map
Map size
Tiny (2 player)
Population
200
Speed
Normal
Resources
Standard
Victory
Conquest
Starting age
Dark Age
Ending age
Imperial Age
RankedLock teamsTeams togetherTeam positionsShared explorationLock speedFull tech treeHidden civsTurbo modeCheats
Victory
Defeat
🇳🇴 Japanese · Norway
879
+16
vs
🇨🇳 Lithuanians · China
872
-16
moresky
7:44 Loom
11:34 Feudal Age
15:31 Castle Age
13:42 Double-Bit Axe
13:59 Horse Collar
15:28 Stone Mining
20:26 Wheelbarrow
22:40 Gold Mining
27:50 Imperial Age
25:28 Scale Barding Armor
25:49 Bow Saw
26:59 Stone Shaft Mining
26:39 Forging
27:40 Chain Barding Armor
27:56 Iron Casting
28:51 Conscription
28:40 Squires
28:52 Scale Mail Armor
28:42 Pikeman
30:38 Hoardings
30:02 Fletching
32:03 Arson
C-bag
11:13 Feudal Age
14:57 Castle Age
13:08 Double-Bit Axe
13:29 Horse Collar
16:38 Bow Saw
16:41 Heavy Plow
21:06 Wheelbarrow
21:13 Loom
22:14 Hand Cart
22:29 Stone Mining
22:38 Gold Mining
22:51 Gold Mining
24:29 Gold Shaft Mining
28:03 Imperial Age
26:14 Fletching
26:25 Padded Archer Armor
26:31 Scale Barding Armor
26:36 Forging
26:50 Ballistics
26:11 Treadmill Crane
26:54 Ballistics
26:45 Fortified Wall
26:45 Town Watch
27:14 Bodkin Arrow
27:35 Town Patrol
28:13 Leather Archer Armor
28:42 Scale Mail Armor
29:33 Conscription
28:44 Pikeman
29:28 Squires
29:13 Arson
29:17 Gambesons
30:09 Iron Casting
30:41 Chemistry
29:37 Murder Holes
29:56 Halberdier
31:10 Bracer
31:48 Ring Archer Armor
31:38 Chain Mail Armor
Connection lost

Rejoining the realm…

Still unreachable

The connection could not be restored.

Session expired

The server has moved on; the page needs a fresh start.